AoeStats
← Gregory176144

Arena

509811825Analyzed
1v1 RM · 4d ago on Sep 28, 2026· 23m 35s· 2 players
Game mode
Random Map
Map size
Tiny (2 player)
Population
200
Speed
Normal
Resources
Standard
Victory
Conquest
Starting age
Dark Age
Ending age
Imperial Age
RankedLock teamsTeams togetherTeam positionsShared explorationLock speedFull tech treeHidden civsTurbo modeCheats
Victory
Defeat
🇦🇷 Burgundians · Argentina
952
+53
🇲🇽 Bulgarians · Mexico
993
-18
Gregory176144
4:52 Double-Bit Axe
8:48 Feudal Age
9:42 Bow Saw
11:07 Bow Saw
11:10 Horse Collar
11:51 Heavy Plow
14:48 Wheelbarrow
15:21 Gold Mining
15:23 Loom
18:35 Castle Age
17:43 Gold Shaft Mining
18:26 Scale Mail Armor
20:16 Two-Man Saw
19:32 Chain Mail Armor
19:47 Squires
20:19 Arson
20:49 Forging
[DH]ElReyDavid
5:51 Loom
8:24 Feudal Age
9:56 Double-Bit Axe
10:11 Town Watch
10:45 Fletching
11:47 Stone Mining
20:39 Castle Age
18:52 Gold Mining
19:28 Horse Collar
21:21 Bodkin Arrow
23:46 Bow Saw
Connection lost

Rejoining the realm…

Still unreachable

The connection could not be restored.

Session expired

The server has moved on; the page needs a fresh start.